Unix xNetHack Version 7.1.0 - last build Jul 19 2022 14:02:28 (a8c4666137c2c631a57c77f6261166d76d9e3895). Game began 2022-08-03 17:42:52, ended 2022-08-03 19:33:03. delisma, neutral male human Tourist -------- |..}...-# # |}......# ------ ### ----- |}^..)?.# ##.....| #### ##-~..| |..}...)# |...>| # # ##|(..-# -----.--### --------- 0###-.....######*#############...%|# # |........ ## ----|- ### # -----# # |.......| ## ######## # 0#a@## # # |........############# ##0########### % ##..%.)...| ### # # # # --------- |.......+ #### ####### # #### |.......| --------- ##------|-- #-------- |.......| ####-.......| 0 #|......| |.......| ##|(......| ###|......| |.......| ##****##############|{).....| #.......| |........**###0 #+)....<.| #.u.....| --------- |.......| |......| --------- -------- Delisma the Excursionist St:8 Dx:12 Co:18 In:14 Wi:8 Ch:16 Neutral S:2298 Dlvl:6 $:858 HP:0(50) Pw:25(25) AC:2 Xp:6/527 T:4203 Burdened Latest messages: You see here a stone statue of a white unicorn. You swap places with your large cat. You are carrying too much to get through. You swap places with your large cat. You hear the splashing of a naiad. You can no longer see through yourself. You stop searching. You stop. Your large cat is in the way! You swap places with your large cat. You feel stronger! You must have been exercising diligently. You feel more agile! You must have been working on your reflexes. You see here a lizard corpse. The hobgoblin swings his two-handed sword. The hobgoblin rends you! The hobgoblin swings his two-handed sword. The hobgoblin misses! You swap places with your large cat. The hobgoblin swings his two-handed sword. The hobgoblin misses! The large cat bites the hobgoblin. The hobgoblin swings his two-handed sword at the large cat. The hobgoblin slashes the large cat. The hobgoblin's skull cap blocks your attack. The hobgoblin swings his two-handed sword. The hobgoblin misses! The large cat misses the hobgoblin. The large cat misses the hobgoblin. The hobgoblin swings his two-handed sword. The hobgoblin gashes you! The large cat bites the hobgoblin. The hobgoblin is killed! You stop. Your large cat is in the way! You swap places with your large cat. You have a little trouble lifting a - 3 +2 darts (at the ready) {3}. There are several more objects here. Something is written here in the dust. You read: "?l?c wa? r". You see here a pick-axe. The large cat picks up a pick-axe. You hear a chugging sound. The giant beetle bites! The giant beetle bites! You die... Do you want your possessions identified? y Do you want to see your attributes? y Do you want an account of creatures vanquished? y Do you want to see your conduct and achievements? y Do you want to see the dungeon overview? y Major events: Turn 1: delisma the neutral male human Tourist entered the dungeon 1060: attained the rank of Sightseer (level 3) 1169: entered the Gnomish Mines 2045: attained the rank of Excursionist (level 6) 2715: consulted the Oracle 4203: killed by a giant beetle Inventory: Inventory: 1003/700 weight (36/52 slots) Coins $ - 858 gold pieces {9} Amulets R - an uncursed iron amulet of unchanging {22} E - an uncursed silver amulet of unchanging (being worn) {25} Weapons a - 18 +2 darts (at the ready) {18} M - 7 +0 copper shuriken {7} w - a +0 platinum war hammer (weapon in hands) {75} Armor l - an uncursed +1 pair of low boots (being worn) {8} Z - an uncursed +0 wooden Uruk-hai shield {18} p - an uncursed +0 dwarvish cloak (being worn) {8} k - an uncursed +0 Hawaiian shirt with a ukulele motif (being worn) {4} P - an uncursed +0 copper plate mail (being worn) {359} Comestibles e - an uncursed slime mold {5} b - 8 uncursed food rations {160} d - an uncursed pear {2} c - 2 uncursed tripe rations {20} B - a blessed tin of deep fried jackal meat {10} h - an uncursed lizard corpse {10} Scrolls u - an uncursed scroll of teleportation {5} Spellbooks I - an uncursed spellbook of blank paper {30} C - an uncursed spellbook of magic missile {40} Rings G - an uncursed ring of fire resistance {3} F - an uncursed ring of see invisible (on left hand) {2} L - an uncursed ring of teleportation named teleport? {3} Wands S - a wand of cancellation (0:5) {7} Tools t - an empty uncursed sack {15} A - an uncursed blindfold {2} n - an uncursed credit card {1} m - an expensive camera (0:32) {12} i - a +0 pick-axe {100} x - an uncursed moist towel {5} Gems/Stones N - an uncursed citrine stone {1} s - an uncursed obsidian stone {1} O - 2 uncursed topaz stones {2} q - 2 uncursed worthless pieces of blue glass {2} o - an uncursed worthless piece of orange glass {1} v - an uncursed worthless piece of yellowish brown glass {1} y - an uncursed touchstone {10} Delisma the Tourist's attributes: Background: You were an Excursionist, a level 6 male human Tourist. You were neutral, on a mission for The Lady who was opposed by Blind Io (lawful) and Offler (chaotic). You were heterosexual. You were in the Dungeons of Doom, on level 6. You entered the dungeon 4203 turns ago. You had 527 experience points, 113 more were needed to attain level 7. Your score was 2298 before end-of-game adjustments. Basics: You had 0 out of 50 hit points. You had all 25 energy points (spell power). Your armor class was 2. Your wallet contained 858 zorkmids. Autopickup was on for '$' plus thrown. Final Characteristics: Your strength was 8 (peak:10, limit:18/100). Your dexterity was 12 (limit:18). Your constitution was 18 (limit:18). Your intelligence was 14 (limit:18). Your wisdom was 8 (limit:18). Your charisma was 16 (limit:18). Final Status: You were not hungry. You were burdened; movement was slightly slowed. You were wielding a hammer. You were unskilled in hammer. Final Attributes: You were piously aligned. You saw invisible. You were telepathic. You were guarded. You could not change from your current form. You are dead. Miscellaneous: You encountered 1 bones level. Total elapsed playing time was 1 hour, 43 minutes and 49 seconds. Vanquished creatures: a wolf a leprechaun a brown pudding a werewolf 2 lizards a rock mole 2 yellow lights a violet fungus 2 gnome leaders a gray ooze 3 elf zombies a giant ant 2 floating eyes 6 dwarves a homunculus a kobold shaman 2 rothes 2 orc zombies a werejackal a coyote 3 gas spores 2 hobbits a manes a hobgoblin 2 yellow molds a green mold 18 gnomes 2 geckos 5 jackals 2 kobolds 2 goblins 2 sewer rats 5 grid bugs 5 lichens 2 kobold zombies 8 newts 94 creatures vanquished. No species were genocided or became extinct. Voluntary challenges: You read items or engraved 16 times. You never genocided any monsters. You never polymorphed an object. You never changed form. You never touched an artifact. You used no wishes. You never scared an enemy with impunity. You were celibate. You never generated conflict. Achievements: You entered a shop. You attained the rank of Sightseer. You entered the Gnomish Mines. You attained the rank of Excursionist. You consulted the Oracle of Delphi. The Dungeons of Doom: levels 1 to 7 Level 1: An altar. Level 2: An altar, a fountain, a tree. Level 3: A jewelry shop. Level 4: Some fountains. Stairs down to The Gnomish Mines. Level 5: Level 6: <- You were here. A fountain. Final resting place for you, killed by a giant beetle. Level 7: Many fountains, a grave. Oracle of Delphi. Final resting place for nmlkj-Wiz-Hum-Mal-Cha, killed by a straw golem. The Gnomish Mines: levels 5 to 6 Level 5: Level 6: Game over: __________ / \ / REST \ / IN \ / PEACE \ / \ | delisma | | 858 Au | | killed by a | | giant beetle | | | | | | 2022 | *| * * * | * _________)/\\_//(\/(/\)/\//\/|_)_______ Aloha delisma the Tourist... You died in The Dungeons of Doom on dungeon level 6 with 2266 points, and 858 pieces of gold, after 4203 moves. You were level 6 with a maximum of 50 hit points when you died.